 Dungeon Crawl Stone Soup version 0.28.0-47-ge53b351184 (webtiles) character file.

Game seed: 7884393546353222716

130 Bruhh the Ogre Mage (level 5, -1/45 HPs)
             Began as an Ogre Earth Elementalist on Apr 27, 2022.
             Shot with an arrow by a centaur (2 damage)
             ... on level 5 of the Dungeon.
             The game lasted 00:07:31 (4985 turns).

Bruhh the Ogre Mage (Ogre Earth Elementalist)       Turns: 4985, Time: 00:07:31

Health: -1/45      AC:  3    Str: 12    XL:     5   Next: 14%
Magic:  3/12       EV:  9    Int: 18    God:
Gold:   288        SH:  0    Dex:  9    Spells: 10/14 levels left

rFire   . . .      SeeInvis .   (no weapon)
rCold   . . .      Faith    .   (no shield)
rNeg    . . .      Spirit   .   b - +0 robe
rPois   .          Reflect  .   (helmet restricted)
rElec   .          Harm     .   (no cloak)
rCorr   .          Rampage  .   (gloves unavailable)
Will    .....                   (boots unavailable)
Stlth   +.........              d - amulet of regeneration
HPRegen 0.95/turn               j - ring of wizardry
MPRegen 0.13/turn               (no ring)

@: freezing walls, very slightly contaminated
A: large, unfitting armour, tough skin 1
a: no special abilities


You were on level 5 of the Dungeon.
You visited 2 branches of the dungeon, and saw 6 of its levels.

You collected 288 gold pieces.

Inventory:

Missiles
 m - 70 stones
Armour
 b - a +0 robe (worn)
Jewellery
 c - an amulet of the acrobat
 d - an amulet of regeneration (around neck)
 j - a ring of wizardry (left hand)
 k - a ring of fire
Wands
 p - a wand of polymorph (10)
Scrolls
 a - 5 scrolls of identify {unknown}
 f - 3 scrolls of teleportation {unknown}
 h - a scroll of summoning {unknown}
 i - a scroll of fog {unknown}
 l - a scroll of enchant weapon {unknown}
 o - 3 scrolls of noise {unknown}
 q - a scroll of amnesia {unknown}
 s - 3 scrolls of blinking {unknown}
 u - a scroll of immolation {unknown}
Potions
 e - a potion of flight {unknown}
 g - a potion of lignification {unknown}
 n - a potion of resistance {unknown}
 r - 2 potions of mutation {unknown}
 t - a potion of curing {unknown}
 v - a potion of haste {unknown}


   Skills:
 - Level 1.8 Dodging
 - Level 1.4 Stealth
 - Level 5.0 Spellcasting
 - Level 1.8 Transmutations
 * Level 1.2 Ice Magic
 - Level 2.7 Earth Magic


You had 10 spell levels left.
You knew the following spells:

 Your Spells              Type           Power      Damage    Failure   Level
a - Sandblast             Erth           28%        2d8       1%          1
b - Frozen Ramparts       Ice            16%        1d3       10%         3

Your spell library contained the following spells:

 Spells                   Type           Power      Damage    Failure   Level
 Freeze                   Ice            32%        1d5       3%          1
 Passwall                 Tmut/Erth      10%        N/A       3%          2
 Stone Arrow              Conj/Erth      18%        3d8       9%          3
 Petrify                  Tmut/Erth      12%        N/A       21%         4
 Ice Form                 Ice/Tmut       10%        N/A       26%         4
 Hailstorm                Conj/Ice       6%         3d4       38%         4
 Summon Ice Beast         Ice/Summ       6%         N/A       38%         4


Dungeon Overview and Level Annotations

Branches:
Dungeon (5/15)             Temple (1/1) D:4

Altars:
Cheibriados
Elyvilon
Fedhas
Gozag
Kikubaaqudgha
Nemelex Xobeh
Okawaru
Ru
Sif Muna
Wu Jian
Xom
Yredelemnul
Zin


Innate Abilities, Weirdness & Mutations

You are too large for most types of armour.
You have tough skin. (AC +1)


Message History

Casting: Sandblast (safe; 1% risk of failure)
Confirm with . or Enter, or press ? or * to list all spells.
You can't see any susceptible monsters within range! (Use Z to cast anyway.)
Casting: Sandblast (safe; 1% risk of failure)
Confirm with . or Enter, or press ? or * to list all spells.
Casting: Frozen Ramparts (dangerous; 10% risk of failure)
Press: ? - help, Dir - look around, f - activate You miscast Frozen Ramparts.
You are very lightly contaminated with residual magic.
Nothing appears to happen.
Unknown command.
Casting: Frozen Ramparts (dangerous; 10% risk of failure)
Confirm with . or Enter, or press ? or * to list all spells.
Casting: Frozen Ramparts (dangerous; 10% risk of failure)
Press: ? - help, Dir - look around, f - activate The walls around you are covered in ice.
Casting: Frozen Ramparts (dangerous; 10% risk of failure)
Confirm with . or Enter, or press ? or * to list all spells.
Aiming: Sandblast (safe; 1% risk of failure)
Press: ? - help, Shift-Dir - straight line, f - centaur
Aim: a centaur, wielding a +0 vorpal shortbow and quivering arrows (87% to hit)
The blast of sand hits the centaur.
The centaur is lightly wounded.
The wall freezes the centaur.
The centaur shoots an arrow.
The arrow hits you.
The wall freezes the centaur.
The centaur shoots an arrow.
The arrow hits you!
Okay, then.
The blast of sand hits the centaur.
The centaur is moderately wounded.
The wall freezes the centaur.
The centaur shoots an arrow.
The arrow hits you!
You are too injured to fight recklessly!
Casting: Sandblast (safe; 1% risk of failure)
Confirm with . or Enter, or press ? or * to list all spells.
Aiming: Sandblast (safe; 1% risk of failure)
Press: ? - help, Shift-Dir - straight line, f/p - centaur
Aim: a centaur, wielding a +0 vorpal shortbow and quivering arrows (moderately wounded, 87% to hit)
The blast of sand hits the centaur but does no damage.
The centaur is moderately wounded.
The wall freezes the centaur.
The centaur shoots an arrow.
The arrow hits you!
* * * LOW HITPOINT WARNING * * *
You die...

#. ###..####
..c#.....#
#.......#
........##.#
####..#.#..###
#.#.......#
...#.....#.#
###.#c###.#.#
#....@..#.#
###.#####.# #.
.. .. .# ...
.# #... #...
#...


You could see a centaur.

Vanquished Creatures
  A bullfrog zombie (D:5)
  An iguana (D:5)
  An adder skeleton (D:4)
  2 worms
  3 dart slugs
  3 endoplasms (D:1)
  2 goblins
  6 hobgoblins
  7 jackals
  3 quokkas
  8 ball pythons
  2 bats (D:3)
  5 frilled lizards
  6 kobolds
  11 rats
61 creatures vanquished.

Notes
Turn   | Place    | Note
-------+----------+-------------------------------------------
     0 | D:1      | Bruhh the Ogre Earth Elementalist began the quest for the
                  | Orb.
     0 | D:1      | Reached XP level 1. HP: 16/16 MP: 3/3
   490 | D:1      | Reached skill level 3 in Spellcasting
   494 | D:1      | Reached XP level 2. HP: 22/24 MP: 1/6
   538 | D:1      | Found a faded altar of an unknown god.
  1553 | D:2      | Reached XP level 3. HP: 31/31 MP: 5/8
  1681 | D:2      | Reached skill level 4 in Spellcasting
  3337 | D:3      | Reached XP level 4. HP: 37/39 MP: 7/10
  3986 | D:4      | Found a staircase to the Ecumenical Temple.
  4028 | Temple   | Entered the Ecumenical Temple
  4487 | D:4      | Found a white marble altar of Elyvilon.
  4727 | D:5      | Entered Level 5 of the Dungeon
  4734 | D:5      | Found a sacrificial altar of Ru.
  4761 | D:5      | Reached skill level 5 in Spellcasting
  4761 | D:5      | Reached skill level 1 in Transmutations
  4765 | D:5      | Learned a level 3 spell: Frozen Ramparts
  4813 | D:5      | Reached skill level 1 in Ice Magic
  4813 | D:5      | Reached XP level 5. HP: 29/45 MP: 4/12
  4978 | D:5      | Noticed a centaur
  4985 | D:5      | HP: 1/45 [centaur/arrow (14)]
  4985 | D:5      | Shot with an arrow by a centaur

Illustrated notes

Levels and vault maps discovered:
D:1:      scummos_arrival_forest, layout_loops_corners,
          shapermc_ecumenical_altar_pompeii, hangedman_decor_diamond_cutter
D:2:      layout_rooms
D:3:      layout_basic
D:4:      layout_loops_cross, mainiacjoe_overflow_brackets,
          minmay_temple_entry_overgrown, serial_bayou_lagoon_b
D:5:      layout_loops_cross, lemuel_crystal_altar
Temple:   jpeg_temple_clearing

Skill      XL: |  1  2  3  4 |
---------------+-------------+-----
Spellcasting   | 3 4 5 |  5.0
Transmutations | 1 |  1.8
Ice Magic      | 1 |  1.2
Dodging        | |  1.8
Stealth        | |  1.4
Earth Magic    | |  2.7

Action                   |  1- 3 |  4- 6 || total
-------------------------+-------+-------++-------
Melee: Unarmed           |    79 |     1 ||    80
       Punch             |     1 |       ||     1
 Cast: Sandblast         |    55 |    29 ||    84
       Frozen Ramparts   |       |     1 ||     1
Armor: Robe              |    29 |     4 ||    33
Dodge: Dodged            |    53 |     4 ||    57
